Unix NetHack Version 3.7.0-89 Work-in-progress - last build Oct 25 2023 09:30:04 (f0f4d860daac63e3cbb99997f3143a95df660311,branch:master). Game began 2023-10-28 10:04:59, ended 2023-10-28 10:40:11. Mishka, chaotic female orcish Barbarian ---- ---- ---- |..| --..| |..-- ------- --..| ----- |...| --...-- |.....-- |..---- ---- |...-- --- |.|.| --.....---.|....| |..--.---..--- |....| ------.------ ------ |.|.| |.....)*...|....-- |......|.....| ---...|--..--...||..| |....----.|.-- ---...-------.)..| -#...........- |.....--........---.| |......|..|..| --...|.---|..|*####-.|.........| |.---...|........--.| ---....|.---.| |.......||.---- |^|-.--.--..| |.| ---.|..---......| --.....| |[| ---......--|.|-- |.------- --- --.-- |....---......-- --..--- |.| --........--|.|.------..| --...-- ---.........^..| --.| |.| #.....*....##......--...-- |.<...| |............-- |.| |.-- |......^..--|............------ |..).)| --.|........-| ----.-- #..-- ---.......-| |.................-----...`.| -----.......-- --.....----...#-----...|..--.>| --...--.|...................| --.......| |.......||...........-------..-- --..|----.......----......-- |......-- |.......---.....------ |.rrr| ---- |...|....| --...--- --.....| |..---...||......| |.)ro| --.---..-- --..| |.....| --- --..|----...| --)rr| --- ---- ---- --....| --- ----- --.-- ---.-- --- --- Mishka the Pillager St:17 Dx:16 Co:18 In:7 Wi:8 Ch:9 Chaotic S:1080 Dlvl:4 $:38 HP:0(64) Pw:9(9) AC:6 Xp:5/223 T:2419 Burdened Latest messages: A cloud of gas puts you to sleep! The wererat changes into a rat. The wererat shrinks out of its cloak! The wererat can no longer hold its shield! The wererat's boots slide off its feet! The wererat drops a dwarvish short sword. The wererat bites! You feel feverish. The wererat bites! The wererat bites! The wererat bites! The wererat bites! The wererat bites! The wererat bites! The wererat changes into a human. The wererat changes into a rat. The wererat bites! The wererat bites! The wererat bites! The wererat bites! The wererat changes into a human. The wererat hits! The wererat hits! The wererat changes into a rat. The wererat bites! The wererat summons help! A sewer rat suddenly appears next to you! A sewer rat suddenly appears next to you! A sewer rat suddenly appears next to you! A sewer rat suddenly appears next to you! The wererat bites! The sewer rat just misses! The sewer rat bites! The sewer rat bites! The sewer rat bites! The wererat bites! The sewer rat bites! The sewer rat bites! The sewer rat bites! The sewer rat bites! The wererat summons help! A sewer rat suddenly appears close by! The wererat bites! The sewer rat bites! You die... Do you want your possessions identified? [ynq] (y) Do you want to see your attributes? [ynq] (y) Do you want an account of creatures vanquished? [ynaq] (y) Do you want to see your conduct and achievements? [ynq] (y) Do you want to see the dungeon overview? [ynq] (y) Inventory: Coins $ - 38 gold pieces Amulets m - a cursed amulet of change named Cursed Weapons a - a +0 battle-axe (weapon in hands) b - a +0 orcish short sword (alternate weapon; not wielded) p - 9 -1 daggers Armor c - an uncursed +0 orcish ring mail (being worn) r - an uncursed +0 dwarvish cloak (being worn) u - an uncursed +0 pair of iron shoes (being worn) F - an uncursed +0 dwarvish iron helm G - an uncursed +0 elven mithril-coat Comestibles d - an uncursed food ration e - an uncursed tripe ration f - 2 uncursed carrots Scrolls g - an uncursed scroll of identify i - an uncursed scroll of scare monster A - an uncursed scroll of destroy armor B - a blessed scroll of teleportation Spellbooks h - an uncursed spellbook of slow monster n - an uncursed spellbook of extra healing Potions l - a blessed potion of healing D - an uncursed potion of sleeping Tools j - an uncursed magic lamp s - a +0 pick-axe w - an uncursed tin whistle E - a blessed tallow candle I - an uncursed lock pick Gems/Stones x - an uncursed worthless piece of violet glass y - 2 uncursed worthless pieces of white glass z - an uncursed worthless piece of green glass H - 3 uncursed flint stones J - an uncursed worthless piece of blue glass Mishka the Barbarian's attributes: Background: You were a Pillager, a level 5 female orcish Barbarian. You were chaotic, on a mission for Set who was opposed by Mitra (lawful) and Crom (neutral). You were in the Gnomish Mines, on level 4. You entered the dungeon 2419 turns ago. There was a full moon in effect when your adventure ended. You had 223 experience points, 97 more were needed to attain level 6. Your score was 1080 before end-of-game adjustments. Basics: You had 0 out of 64 hit points. You had all 9 energy points (spell power). Your armor class was 6. Your wallet contained 38 zorkmids. Autopickup was on for '$?/+"=!%*' plus thrown, with exceptions. Final Characteristics: Your strength was 17 (limit:18/50). Your dexterity was 16 (limit:18). Your constitution was 18 (limit:18). Your intelligence was 7 (limit:16). Your wisdom was 8 (limit:16). Your charisma was 9 (limit:16). Final Status: You weren't hungry. You were burdened; movement was slightly slowed. You were wielding an axe. You had basic skill with axe. Final Attributes: You were piously aligned. You were poison resistant. You were level-drain resistant. You were telepathic. You had infravision. You were warded. You were a wererat. You were harmed by silver. You were lucky. You are dead. Miscellaneous: You never encountered a bones level. Total elapsed playing time was 35 minutes and 11 seconds. Major events: Turn 1: Mishka the chaotic female orcish Barbarian entered the dungeon 884: entered the Gnomish Mines 896: attained the rank of Pillager (level 3) 2419: killed by a sewer rat, while sleeping Vanquished creatures: a gnome ruler an imp a gnome leader a gnomish wizard a floating eye 5 dwarves 2 orc zombies an iguana 3 hobbits a hobgoblin a yellow mold 14 gnomes a garter snake 8 jackals a kobold a sewer rat 13 grid bugs 2 lichens 2 kobold zombies 7 newts 67 creatures vanquished. No species were genocided or became extinct. Voluntary challenges: You read items or engraved 1 time. You never engraved Elbereth. You never genocided any monsters. You never polymorphed an object. You never changed form. You used no wishes. Achievements: You entered the Gnomish Mines. You attained the rank of Pillager. The Dungeons of Doom: levels 1 to 2 Level 1: Level 2: Stairs down to The Gnomish Mines. The Gnomish Mines: levels 3 to 4 Level 3: Level 4: <- You were here. Final resting place for you, killed by a sewer rat, while sleeping. Game over: ---------- / \ / REST \ / IN \ / PEACE \ / \ | Mishka | | 38 Au | | killed by a | | sewer rat | | | | | | 2023 | *| * * * | * _________)/\\_//(\/(/\)/\//\/|_)_______ Goodbye Mishka the Barbarian... You died in The Gnomish Mines on dungeon level 4 with 1077 points, and 38 pieces of gold, after 2419 moves. You were level 5 with a maximum of 64 hit points when you died.